 Dungeon Crawl Stone Soup version 0.25.0-26-g0c896c7088 (webtiles) character file.

Game seed: 7730036159301937600

732 EriolAelfwine the Ruffian (level 7, 0/68 HPs)
             Began as a Troll Fighter on June 30, 2020.
             Slain by Duvessa
             ... wielding a +0 rapier
              (3 damage)
             ... on level 5 of the Dungeon.
             The game lasted 00:07:26 (3325 turns).

EriolAelfwine the Ruffian (Troll Fighter)           Turns: 3325, Time: 00:07:27

Health: 0/68       AC:  7    Str: 27    XL:     7   Next: 45%
Magic:  6/6        EV:  9    Int:  4    God:
Gold:   202        SH:  9    Dex:  9    Spells: 6/6 levels left

rFire    . . .     SeeInvis .     - Unarmed
rCold    . . .     Gourm    +   b - +0 kite shield
rNeg     . . .     Faith    .   a - +0 robe
rPois    .         Spirit   .   (helmet restricted)
rElec    .         Reflect  .   r - +0 cloak
rCorr    .         Harm     .   (gloves unavailable)
MR       .....                  (boots unavailable)
Stlth    +.........             t - amulet of magic regeneration
HPRegen  0.61/turn              (no ring)
MPRegen  0.35/turn              (no ring)

@: no status effects
A: large, unfitting armour, claws 3, fast metabolism 3, gourmand, regeneration
1, shaggy fur 1, tough skin 3
a: no special abilities


You were on level 5 of the Dungeon.
You were completely stuffed.

You visited 1 branch of the dungeon, and saw 5 of its levels.

You collected 202 gold pieces.

Inventory:

Hand Weapons
 o - a +2 vorpal spear
Missiles
 k - 23 poisoned darts (quivered)
Armour
 a - a +0 robe (worn)
 b - a +0 kite shield (worn)
 r - a +0 cloak (worn)
Jewellery
 f - an uncursed ring of fire
 t - an amulet of magic regeneration (around neck)
Wands
 q - a wand of flame (30)
Scrolls
 i - 3 scrolls of remove curse
 n - a scroll of teleportation
Potions
 c - 2 potions of might
 e - 3 potions of invisibility
 j - a potion of mutation
 m - a potion of curing
 p - a potion of cancellation
 s - 2 potions of lignification {unknown}
 u - 2 potions of flight {unknown}
Comestibles
 d - 4 rations
 g - 3 chunks of flesh


   Skills:
 + Level 3.9 Fighting
 + Level 3.8 Dodging
 + Level 3.9 Shields
 * Level 5.5 Unarmed Combat


You had 6 spell levels left.
You didn't know any spells.
Your spell library was empty.

Dungeon Overview and Level Annotations

Branches:
Dungeon (5/15)
 Temple: D:4-7

Altars:
Dithmenos
Elyvilon
Hepliaklqana
Trog

Annotations:
D:5 Duvessa


Innate Abilities, Weirdness & Mutations

You are too large for most types of armour.
You have claws for hands.
Your metabolism is lightning-fast.
You like to eat raw meat.
Your natural rate of healing is unusually fast.
You are covered in fur. (AC +1)
You have extremely tough skin. (AC +3)


Message History

You block Duvessa's attack.
Your shield prevents you from hitting Duvessa.
Duvessa is severely wounded.
Duvessa barely misses you.
You closely miss Duvessa.
Duvessa is severely wounded.
Duvessa barely misses you.
You scratch Duvessa.
Duvessa is almost dead.
Duvessa hits you with a +0 rapier!
* * * LOW HITPOINT WARNING * * *
Duvessa hits you with a +0 rapier!
* * * LOW HITPOINT WARNING * * *
You scratch Duvessa.
Duvessa is almost dead.
You block Duvessa's attack.
You barely miss Duvessa.
Duvessa is almost dead.
Duvessa hits you with a +0 rapier.
You die...

##. #... ##...#
#....# ##...#
.########
###...#
........###..@e#
#.........)..###
##########...#
#...# ##..#
#..## ### ##..#
#.##
##.#######..##
#...........##


You could see Duvessa (berserk).

Vanquished Creatures
  Blork the orc (D:4)
  A bullfrog (D:3)
  Dowan (D:5)
  A crimson imp (D:4)
  A hound (D:4)
  2 orc priests
  3 orc wizards
  Ijyb (D:4)
  Jessica (D:3)
  Natasha (twice) (D:2)
  Terence (D:3)
  3 gnolls (D:2)
  8 adders
  An ooze (D:2)
  An adder zombie (D:5)
  2 worms (D:3)
  2 dart slugs
  3 leopard geckos
  17 orcs
  A ball python (D:3)
  5 bats
  3 giant cockroaches
  7 goblins
  6 hobgoblins
  5 jackals
  9 kobolds
  A quokka (D:2)
  4 frilled lizards
  3 rats
96 creatures vanquished.

Notes
Turn   | Place    | Note
-------+----------+-------------------------------------------
     0 | D:1      | EriolAelfwine the Troll Fighter began the quest for the
                  | Orb.
     0 | D:1      | Reached XP level 1. HP: 22/22 MP: 0/0
   145 | D:1      | Reached XP level 2. HP: 29/29 MP: 1/1
   602 | D:2      | Reached XP level 3. HP: 36/36 MP: 2/2
   638 | D:2      | Found a bloodstained altar of Trog.
   638 | D:2      | Found a white marble altar of Elyvilon.
   638 | D:2      | Found a hazy altar of Hepliaklqana.
   674 | D:2      | Reached skill level 3 in Unarmed Combat
   678 | D:2      | Reached XP level 4. HP: 26/44 MP: 3/3
   775 | D:2      | Noticed Natasha
   800 | D:2      | Killed Natasha
  1047 | D:2      | Found a shadowy altar of Dithmenos.
  1188 | D:2      | Noticed Natasha
  1193 | D:2      | Killed Natasha
  1193 | D:2      | Reached XP level 5. HP: 50/53 MP: 4/4
  1282 | D:3      | Noticed Terence
  1295 | D:3      | Killed Terence
  1353 | D:3      | Reached skill level 4 in Unarmed Combat
  1372 | D:3      | Reached XP level 6. HP: 32/61 MP: 5/5
  1494 | D:3      | Noticed Jessica
  1502 | D:3      | Killed Jessica
  1871 | D:3      | You fall into a shaft and drop 1 floor!
  2070 | D:4      | Noticed Blork the orc
  2077 | D:4      | Killed Blork the orc
  2516 | D:3      | Reached skill level 5 in Unarmed Combat
  2523 | D:3      | Reached XP level 7. HP: 68/68 MP: 6/6
  2879 | D:4      | Noticed Ijyb
  2885 | D:4      | Killed Ijyb
  3167 | D:5      | Entered Level 5 of the Dungeon
  3292 | D:5      | Noticed Dowan
  3306 | D:5      | Killed Dowan
  3309 | D:5      | Noticed Duvessa
  3323 | D:5      | HP: 2/68 [Duvessa/+0 rapier (10)]
  3325 | D:5      | Slain by Duvessa

Illustrated notes

Levels and vault maps discovered:
D:1:      dpeg_arrival_line_fractal, layout_rooms
D:2:      layout_rooms, nicolae_dithmenos_through_a_glass_darkly,
          chequers_temple_overflow_statue_of_worship, first_ration,
          amethyst_killhole, minmay_pentomino_o4, uniq_natasha
D:3:      layout_loops_ring, uniq_jessica, uniq_terence
D:4:      layout_basic, uniq_blork_the_orc, uniq_ijyb
D:5:      wander_guarded_unrand_ratskin, layout_cave_pods, marbit_many_paths,
          fedhas_altar_4, uniq_duvessa

Skill      XL: |  1  2  3  4  5  6 |
---------------+-------------------+-----
Unarmed Combat | 3 4 5 |  5.5
Fighting       | 3 |  3.9
Shields        | 3 |  3.9
Dodging        | 3 |  3.8

Action                   |  1- 3 |  4- 6 |  7- 9 || total
-------------------------+-------+-------+-------++-------
Melee: Unarmed           |    67 |   180 |    67 ||   314
  Use: Scroll            |       |       |     8 ||     8
 Stab: Sleeping          |       |     1 |       ||     1
  Eat: Chunk             |    11 |    18 |     7 ||    36
Armor: Robe              |    19 |    57 |    17 ||    93
Dodge: Dodged            |    26 |    57 |    22 ||   105
Block: Kite shield       |    30 |    81 |    31 ||   142
